 Dungeon Crawl Stone Soup version 0.30.1-9-gdf580d7c3d (webtiles) character file.

Game seed: 9196325609858550269

1738 baghtru the Ruffian (level 8, -7/83 HPs)
             Began as a Troll Berserker on Oct 20, 2023.
             Was a Believer of Trog.
             Mangled by a yak (10 damage)
             ... on level 9 of the Dungeon.
             The game lasted 00:10:01 (1117 turns).

baghtru the Ruffian (Troll Berserker)               Turns: 1117, Time: 00:10:02

Health: -7/83      AC:  4    Str: 28    XL:     8   Next: 77%
Magic:  7/7        EV: 11    Int:  3    God:    Trog [**....]
Gold:   94         SH:  0    Dex:  9    Spells: 7/7 levels left

rFire   . .          .
                       - Unarmed
rCold   . . .        (no shield)
rNeg    . . .        a - +0 animal skin
rPois   .            (helmet restricted)
rElec   .            (no cloak)
rCorr   .            (gloves unavailable)
SInv    .            (boots unavailable)
Will    ++...        (no amulet)
Stlth   +            (no ring)
HPRegen 2.13/turn    (no ring)
MPRegen 0.10/turn

%: no passive effects
@: lethally poisoned (-7 -> -7), strong-willed, on berserk cooldown,
regenerating, slowed, very slow
A: large, unfitting armour, claws 3, regeneration 1, shaggy fur 1, tough skin 1
a: Renounce Religion, Berserk, Trog's Hand


You were on level 9 of the Dungeon.
You worshipped Trog.
Trog was pleased with you.
You visited 1 branch of the dungeon, and saw 9 of its levels.

You collected 94 gold pieces.

Inventory:

Missiles
 n - 2 throwing nets (quivered)
Armour
 a - a +0 animal skin (worn)
Wands
 j - a wand of flame (4)
 k - a wand of digging (3)
Scrolls
 b - 2 scrolls of teleportation {unknown}
 f - a scroll of immolation {unknown}
Potions
 c - 2 potions of attraction
 d - 3 potions of curing
 e - a potion of degeneration
 h - a potion of heal wounds
 l - a potion of lignification {unknown}
 m - a potion of brilliance {unknown}


   Skills:
 + Level 5.9 Fighting
 + Level 6.0 Dodging
 + Level 7.1 Unarmed Combat


You had 7 spell levels left.
You didn't know any spells.
Your spell library was empty.

Dungeon Overview and Level Annotations

Branches:
Dungeon (9/15)
 Temple: D:4-7         Lair: D:8-11         Orc: D:9-12

Altars:
Kikubaaqudgha

Shops:
D:3 *!:   D:7 (:


Innate Abilities, Weirdness & Mutations

You are too large for most types of armour.
You have claws for hands.
Your natural rate of healing is unusually fast.
You are covered in fur. (AC +1)
You have tough skin. (AC +1)


Message History

Unknown command.
You claw the yak!
The yak is almost dead.
You feel sick. The yak closely misses you.
You mangle the yak!!
You kill the yak!
Trog accepts your kill.
You feel sick.
Your Unarmed Combat skill increases to level 7!
You claw the yak!
The yak is heavily wounded.
You feel sick. The yak gores you.
* * * LOW HITPOINT WARNING * * *
You mangle the yak!!
You kill the yak!
Trog accepts your kill.
You feel sick. The yak closely misses you.
Your Dodging skill increases to level 6!
You scratch the yak.
The yak is lightly wounded.
You barely miss the yak.
The yak is lightly wounded.
You feel sick. The yak gores you.
* * * LOW HITPOINT WARNING * * *
The yak gores you!
* * * LOW HITPOINT WARNING * * *
The yak gores you.
* * * LOW HITPOINT WARNING * * *
You claw the yak!
The yak is moderately wounded.
You feel sick.
A wyvern comes into view.
The yak gores you.
* * * LOW HITPOINT WARNING * * *
You feel a strong urge to attack something.
You are no longer berserk.
You are exhausted.
You feel yourself slow down.
You feel sick. The yak attacks as you move away! The yak gores you!
You die...

### ..# ..#
..#
######..#####
#............
#............
#...Y@.......
#<..YY.......
#.†.†........
###Y#########
... .....
.......
.........
.....l#####


You could see 4 yaks.

Vanquished Creatures
  7 yaks
  A steam dragon (D:8)
  A water moccasin (D:7)
  A sky beast (D:8)
  A kobold brigand (D:8)
  A bullfrog (D:8)
  A scorpion (D:6)
  3 killer bees (D:9)
  An iguana (D:6)
  5 adders
  4 worms
  2 dart slugs
  2 orcs
  An endoplasm (D:1)
  A giant cockroach (D:1)
  A goblin (D:3)
  A hobgoblin (D:3)
  A quokka (D:3)
  4 ball pythons
  A bat (D:1)
  4 frilled lizards
  8 kobolds
  2 rats
54 creatures vanquished.

Notes
Turn   | Place    | Note
-------+----------+-------------------------------------------
     0 | D:1      | baghtru the Troll Berserker began the quest for the Orb.
     0 | D:1      | Reached XP level 1. HP: 22/22 MP: 0/0
   148 | D:1      | Reached XP level 2. HP: 29/29 MP: 1/1
   270 | D:3      | Found Yhaadim's Book Shoppe.
   408 | D:3      | Found Hoxipsul's General Store.
   411 | D:3      | Reached XP level 3. HP: 36/36 MP: 2/2
   415 | D:3      | Reached ** piety under Trog
   532 | D:3      | Found Luchemuth's Distillery.
   709 | D:5      | Entered Level 5 of the Dungeon
   742 | D:5      | Reached XP level 4. HP: 42/45 MP: 3/3
   750 | D:6      | Noticed a scorpion
   758 | D:6      | Killed a scorpion
   759 | D:6      | Reached skill level 4 in Unarmed Combat
   771 | D:6      | Reached XP level 5. HP: 28/53 MP: 4/4
   857 | D:7      | Found Qeni Poe's Antique Weapon Boutique.
   903 | D:7      | Found Donos's Book Shoppe.
   907 | D:7      | Noticed a water moccasin
   914 | D:7      | Killed a water moccasin
   915 | D:7      | Reached XP level 6. HP: 38/62 MP: 5/5
   931 | D:8      | Noticed a steam dragon
   931 | D:8      | Noticed a sky beast
   931 | D:8      | Noticed a yak
   931 | D:8      | Noticed a yak
   931 | D:8      | Noticed a yak
   931 | D:8      | Noticed a yak
   931 | D:8      | Found an ancient bone altar of Kikubaaqudgha.
   933 | D:8      | Noticed a yak
   943 | D:8      | Killed a steam dragon
   949 | D:8      | Killed a yak
   950 | D:8      | Reached skill level 5 in Unarmed Combat
   950 | D:8      | Reached XP level 7. HP: 64/70 MP: 6/6
   952 | D:8      | Killed a yak
   956 | D:8      | Killed a yak
   960 | D:8      | Killed a yak
   961 | D:8      | Reached skill level 5 in Fighting
   961 | D:8      | Reached skill level 5 in Dodging
   961 | D:8      | Reached skill level 6 in Unarmed Combat
   964 | D:8      | Killed a yak
   965 | D:8      | Reached XP level 8. HP: 50/80 MP: 7/7
  1110 | D:9      | Reached skill level 7 in Unarmed Combat
  1115 | D:9      | HP: 4/124 [yak (6)]
  1117 | D:9      | Mangled by a yak

Illustrated notes

Levels and vault maps discovered:
D:1:      dpeg_arrival_rooms_c, layout_loops_ring,
          chequers_serial_rivers_small_a
D:2:      layout_rooms, basic_altar
D:3:      layout_basic, serial_shops, shop, nicolae_shop_advertising_works
          [nicolae_subvault_shop_adworks], nicolae_diamond_shop, shop
D:4:      layout_basic, minmay_temple_entry_nine_rooms,
          nicolae_shop_unique_rings, uniq_pikel, uniq_eustachio, uniq_natasha,
          uniq_sigmund
D:5:      layout_rooms, yredelemnul_altar_generic, nicolae_shop_gadgets,
          uniq_edmund
D:6:      layout_basic, uniq_menkaure
D:7:      layout_basic, serial_shops, shop, shop, shop, nicolae_shop_rolled_up,
          kb_lookout_dungeons_type, st_stairs_2
D:8:      layout_rooms, nicolae_kikubaaqudgha_miasma_corner, disabler_island
D:9:      layout_stronghold, ebering_ghost_reflecting_pool,
          columned_hall_lemuel, nrook_campfire

Skill      XL: |  1  2  3  4  5  6  7  8 |
---------------+-------------------------+-----
Fighting       | 3 4 5 |  5.9
Dodging        | 3 4 5 6 |  6.0
Unarmed Combat | 4 5 6 7 |  7.1

Action                     |  1- 3 |  4- 6 |  7- 9 || total
---------------------------+-------+-------+-------++-------
  Melee: Unarmed           |    77 |    32 |    56 ||   165
         Punch             |     2 |     1 |     2 ||     5
 Invoke: Berserk           |       |       |     1 ||     1
         Trog's Hand       |       |       |     1 ||     1
  Evoke: Wand              |       |     1 |       ||     1
    Use: Scroll            |     5 |     1 |       ||     6
         Potion            |       |     2 |       ||     2
   Stab: Sleeping          |     1 |       |       ||     1
 Armour: Animal skin       |    20 |     8 |    20 ||    48
  Dodge: Dodged            |    30 |     9 |    31 ||    70
